 Dungeon Crawl Stone Soup version 0.18-a0-1443-ge8f1551 (webtiles) character file.

93 namelastname112 the Insei (level 4, -3/35 HPs)
             Began as a Draconian Transmuter on Feb 29, 2016.
             Slain by a gnoll
             ... wielding a +0 spear
              (7 damage)
             ... on level 4 of the Dungeon.
             The game lasted 00:04:02 (2006 turns).

namelastname112 the Insei (Draconian Transmuter)    Turns: 2006, Time: 00:04:02

Health: -3/35      AC:  5    Str: 12    XL:     4   Next: 37%
Magic:  4/7        EV: 12    Int: 14    God:
Gold:   87         SH:  0    Dex: 12    Spells: 2 memorised, 4 levels left

rFire  . . .     SeeInvis .       - Unarmed
rCold  . . .     Gourm    .     (armour unavailable)
rNeg   . . .     Faith    .     (no shield)
rPois  .         Spirit   .     (helmet restricted)
rElec  .         Dismiss  .     (no cloak)
rCorr  .         Reflect  .     (no gloves)
SustAt .         Harm     .     (no boots)
MR     .....                    (no amulet)
Stlth  +.........               (no ring)
                                (no ring)

@: very slightly contaminated, not resistant to hostile enchantments, very
unstealthy
A: unfitting armour, cold-blooded, AC +5
a: no special abilities


You were on level 4 of the Dungeon.
You were hungry.

You visited 1 branch of the dungeon, and saw 4 of its levels.

You collected 87 gold pieces.

Inventory:

Missiles
 a - 31 arrows
Scrolls
 e - a scroll of fog {unknown}
 f - a scroll of enchant armour {unknown}
 g - 2 scrolls of identify {unknown}
 i - a scroll of fear {unknown}
 l - 2 scrolls of random uselessness {unknown}
 m - a scroll of remove curse {unknown}
Potions
 d - a potion of berserk rage {unknown}
 j - a potion of agility {unknown}
 k - a potion of curing {unknown}
Books
 b - a book of Changes

   Spells                             Type                      Level
   a - Beastly Appendage              Transmutation                1
   b - Sticks to Snakes               Transmutation                2
   c - Spider Form                    Transmutation/Poison         3
   d - Ice Form                       Ice/Transmutation            4
   e - Blade Hands                    Transmutation                5
Comestibles
 c - 2 bread rations
 h - a chunk of flesh


   Skills:
 - Level 1.1 Fighting
 - Level 1.7 Dodging
 + Level 5.2 Unarmed Combat
 - Level 2.0 Spellcasting
 - Level 2.0 Transmutations


You had 4 spell levels left.
You knew the following spells:

 Your Spells              Type           Power        Failure   Level  Hunger
a - Beastly Appendage     Trmt           #.....       12%         1    ##.....
x - Sticks to Snakes      Trmt           #.......     17%         2    ###....


Dungeon Overview and Level Annotations

Branches:
Dungeon (3/15)

Altars:
Qazlal


Innate Abilities, Weirdness & Mutations

Your plain brown scales are hard (AC +5).
Your body does not fit into most forms of armour.
You are cold-blooded and may be slowed by cold attacks.


Message History

The jackal bites you but does no damage.
Your adder misses the jackal. The jackal closely misses you. x2
The gnoll hits you with a spear. The gnoll closely misses you.
Your adder barely misses the jackal.
The jackal barely misses you.
You closely miss the jackal. You tail-slap the jackal.
The jackal is almost dead.
The jackal barely misses you.
The jackal bites you but does no damage.
The gnoll hits you from afar with a halberd.
The gnoll completely misses your adder. The jackal misses you.
The gnoll hits you but does no damage. The gnoll hits you with a spear!
The jackal bites you but does no damage.
The jackal bites you.
Your adder closely misses the jackal.
The gnoll hits your adder!
Your adder dies!
The gnoll hits you from afar with a halberd!
* * * LOW HITPOINT WARNING * * *
The jackal barely misses you. The jackal closely misses you.
The gnoll hits you from afar with a spear!
You die...

..#.# ....... .......
....... #######
#########.......
#......##....#..........
.............#..........
.......h@....#..........
.......hhgg..'..........
.........g...#..........
#....####g##.#..........
#... #.#######.......
#.. ... ....... . ....#
....... .....# .......
......# .......


You could see 4 gnolls and 3 jackals.

Vanquished Creatures
  2 adders (D:2)
  2 oozes (D:1)
  3 worms (D:2)
  A dart slug (D:1)
  2 giant geckos (D:2)
  A ball python (D:3)
  4 giant cockroaches
  6 goblins
  3 hobgoblins
  4 jackals
  9 kobolds
  2 bats
  2 giant newts (D:1)
  9 rats
50 creatures vanquished.

Vanquished Creatures (collateral kills)
  A gnoll (D:1)
  A goblin (D:1)
  A hobgoblin (D:2)
3 creatures vanquished.

Grand Total: 53 creatures vanquished

Notes
Turn   | Place    | Note
--------------------------------------------------------------
     0 | D:1      | namelastname112 the Draconian Transmuter began the quest for the Orb.
     0 | D:1      | Reached XP level 1. HP: 16/16 MP: 3/3
    50 | D:1      | namelastname112: 10/10
   343 | D:2      | Reached XP level 2. HP: 23/23 MP: 5/5
   349 | D:2      | Learned a level 2 spell: Sticks to Snakes
   759 | D:1      | Reached skill level 4 in Unarmed Combat
   805 | D:1      | Reached XP level 3. HP: 28/28 MP: 6/6
  1343 | D:2      | Reached XP level 4. HP: 31/35 MP: 4/7
  1533 | D:2      | Reached skill level 5 in Unarmed Combat
  1703 | D:2      | Found a stormy altar of Qazlal.
  1988 | D:3      | You fall through a shaft!
  2006 | D:4      | Slain by a gnoll

Vault maps used:
D:1:      tarquinn_simple_flora_water_e, minmay_misc_feat_alley
D:2:      first_bread, nicolae_qazlal_general_emergency
D:3:      overflow_temple_1_default, marbit_many_paths,
          minmay_misc_feat_ornament
D:4:      temple_statues, hex_tiny, uniq_crazy_yiuf_cottage

Skill      XL: |  1  2  3  4 |
---------------+-------------+-----
Unarmed Combat | 4 5 |  5.2
Fighting       | |  1.1
Dodging        | |  1.7
Spellcasting   | |  2.0
Transmutations | |  2.0

Action                   |  1- 3 |  4- 6 || total
-------------------------+-------+-------++-------
Melee: Unarmed           |   135 |    53 ||   188
 Cast: Beastly Appendage |     3 |       ||     3
       Sticks to Snakes  |     9 |     1 ||    10
  Eat: Chunk             |     1 |     3 ||     4
